 Dungeon Crawl Stone Soup version 0.18-b1-2-gd0c887e (webtiles) character file.

7536 namelastname112 the Carver (level 10, -5/135 HPs)
             Began as a Pale Draconian Berserker on Apr 28, 2016.
             Was a High Priest of Trog.
             Slain by Grum
             ... wielding a -1 halberd
              (15 damage)
             ... on level 10 of the Dungeon.
             The game lasted 00:23:38 (9381 turns).

namelastname112 the Carver (DrBe)                   Turns: 9381, Time: 00:23:38

Health: -5/135     AC: 10    Str: 29    XL:     10   Next: 96%
Magic:  11/11      EV: 16    Int:  8    God:    Trog [*****.]
Gold:   378        SH:  0    Dex: 13    Spells: 0 memorised, 9 levels left

rFire  . . .     SeeInvis .     B - +1 falchion of Laceration {freeze, +Fly MR+ Str+4 Stlth+} (curse)
rCold  . . .     Gourm    .     (armour unavailable)
rNeg   . . .     Faith    .     (no shield)
rPois  .         Spirit   .     Q - +2 hat
rElec  .         Dismiss  .     (no cloak)
rCorr  .         Reflect  .     (no gloves)
SustAt .         Harm     .     o - +0 pair of boots
MR     ++...                    w - amulet of magic regeneration
Stlth  ..........               (no ring)
                                (no ring)

@: berserking (expiring), very quick, very resistant to hostile enchantments,
extremely unstealthy
A: breathe steam, unfitting armour, high mp 1, magic resistance 1, evolution 1,
cold-blooded, AC +7
a: Breathe Steam, Berserk, Trog's Hand, Brothers in Arms, Burn Spellbooks,
Renounce Religion, Evoke Flight


You were on level 10 of the Dungeon.
You worshipped Trog.
Trog was extremely pleased with you.
You were hungry.

You visited 1 branch of the dungeon, and saw 10 of its levels.

You collected 378 gold pieces.

Inventory:

Hand Weapons
 t - a +2 dagger of venom
 B - the cursed +1 falchion of Laceration (weapon) {freeze, +Fly MR+ Str+4 Stlth+}
   (You found it on level 6 of the Dungeon)

   It has been specially enchanted to freeze those struck by it, causing extra
   injury to most foes and up to half again as much damage against particularly
   susceptible opponents.
   It can also slow down cold-blooded creatures.
   It affects your strength (+4).
   It affects your resistance to hostile enchantments.
   It lets you fly.
   It makes you more stealthy.
   It has a curse placed upon it.
Missiles
 d - 3 throwing nets (quivered)
 H - 3 javelins of returning
 M - 3 exploding tomahawks
Armour
 o - a +0 pair of boots (worn)
 Q - a +2 hat (worn)
Jewellery
 w - an amulet of magic regeneration (around neck)
Wands
 C - a wand of polymorph (7/24)
 D - a wand of flame (28/48)
 F - a wand of paralysis (19/24)
 L - a wand of slowing (13/48)
 O - a wand of confusion (17/48)
 P - a wand of hasting (4/9)
Scrolls
 e - 2 scrolls of enchant weapon {unknown}
 g - 2 scrolls of remove curse {unknown}
 m - a scroll of magic mapping {unknown}
 q - 2 scrolls of recharging {unknown}
 r - 4 scrolls of teleportation {unknown}
 u - a scroll of amnesia {unknown}
 v - a scroll of enchant armour {unknown}
 x - 3 scrolls of fear {unknown}
 y - 3 scrolls of random uselessness {unknown}
 z - 2 scrolls of blinking {unknown}
 A - 2 scrolls of immolation {unknown}
 E - a scroll of noise {unknown}
 G - a scroll of fog {unknown}
Potions
 a - 2 potions of brilliance
 f - a potion of cure mutation
 n - a potion of flight {unknown}
 p - 3 potions of heal wounds {unknown}
 s - 3 potions of lignification {unknown}
 I - a potion of haste {unknown}
Books
 k - a Young Poisoner's Handbook

   Spells                             Type                      Level
   a - Sting                          Conjuration/Poison           1
   b - Cure Poison                    Poison                       2
   c - Mephitic Cloud                 Conjuration/Poison/Air       3
   d - Olgreb's Toxic Radiance        Poison                       4
   e - Venom Bolt                     Conjuration/Poison           5
   Trog disapproves of the use of such an item.
 J - a book of Cantrips

   Spells                             Type                      Level
   a - Corona                         Hexes                        1
   b - Animate Skeleton               Necromancy                   1
   c - Summon Small Mammal            Summoning                    1
   d - Apportation                    Translocation                1
   Trog disapproves of the use of such an item.
 N - a book of Party Tricks

   Spells                             Type                      Level
   a - Summon Butterflies             Summoning                    1
   b - Apportation                    Translocation                1
   c - Tukima's Dance                 Hexes                        3
   d - Alistair's Intoxication        Transmutation/Poison         5
   e - Invisibility                   Hexes                        6
   Trog disapproves of the use of such an item.
 R - a book of Minor Magic

   Spells                             Type                      Level
   a - Magic Dart                     Conjuration                  1
   b - Blink                          Translocation                2
   c - Call Imp                       Summoning                    2
   d - Repel Missiles                 Charms/Air                   2
   e - Slow                           Hexes                        2
   f - Conjure Flame                  Conjuration/Fire             3
   g - Mephitic Cloud                 Conjuration/Poison/Air       3
   Trog disapproves of the use of such an item.
Comestibles
 b - 9 bread rations
 c - 2 chunks of flesh
 h - 10 slices of pizza


   Skills:
 + Level 8.9 Fighting
 * Level 11.4 Long Blades
 + Level 6.2 Throwing
 + Level 7.6 Dodging


You had 9 spell levels left.
You didn't know any spells.

Dungeon Overview and Level Annotations

Branches:
Dungeon (10/15)            Temple (0/1) D:7
   Lair: D:8-11         Orc: D:9-12

Altars:
Ashenzari
Cheibriados
Dithmenos
Makhleb
Nemelex Xobeh
Okawaru
Qazlal
Ru
Sif Muna
Zin

Shops:
D:6 =

Annotations:
D:10 Grum


Innate Abilities, Weirdness & Mutations

You can breathe blasts of scalding, opaque steam.
Your pale cyan-grey scales are hard (AC +7).
Your body does not fit into most forms of armour.
You are cold-blooded and may be slowed by cold attacks.
You have an increased reservoir of magic (+10% MP).
You are resistant to hostile enchantments.
You evolve.


Message History

You miss the wolf. The wolf bites you!
* * * LOW HITPOINT WARNING * * *
You take 10 damage, and have 34/135 hp.
You slash the wolf! You freeze the wolf.
The wolf is heavily wounded.
The wolf barely misses you.
Grum hits you from afar with a halberd!!
* * * LOW HITPOINT WARNING * * *
You take 25 damage, and have 9/135 hp.
You barely miss the wolf.
The wolf is heavily wounded.
You slice the wolf!! You freeze the wolf.
You kill the wolf!
Trog accepts your kill. Grum hits you but does no damage.
You closely miss Grum. You slash Grum! You freeze Grum. You tail-slap Grum.
Grum is moderately wounded.
Grum hits you with a halberd!
You die...

#############
#...........#
#.#########)#
#.# #@# #.#
#.....g.......
#.#
#.####.######.
#.# #.#
######.## #.#
........# #.#
#...........#
#.#
#..###...####
#.# ...#
#.#....


You could see Grum.

Vanquished Creatures
  A centaur warrior (D:9)
  The ghost of skk the Covert, a novice DsAs of Okawaru (D:8)
  A hill giant (D:10)
  Joseph (D:10)
  2 trolls (D:9)
  The ghost of ThereIsNoGod the Ducker, an amateur DsGl (D:5)
  A wraith (D:6)
  A basilisk (D:9)
  3 humans
  A hippogriff (D:9)
  3 ice beasts
  2 black bears
  3 sky beasts
  2 phantoms
  3 wolves (D:10)
  4 centaurs
  2 necrophages (D:9)
  2 ogres
  3 giant frogs (D:6)
  A scorpion (D:9)
  5 killer bees (D:9)
  5 wights (D:9)
  6 jellies
  5 crimson imps
  3 giant frog zombies
  A centaur zombie (D:8)
  3 orc priests
  5 hounds
  7 orc wizards
  Jessica (D:3)
  A centaur skeleton (D:9)
  An iguana (D:9)
  A worker ant (D:5)
  4 sheep (D:7)
  2 hound skeletons
  3 worker ant zombies
  15 gnolls
  9 adders
  A howler monkey skeleton (D:9)
  4 shadow imps
  3 worms
  2 dart slugs
  6 giant geckos
  30 orcs
  2 ball pythons
  15 bats
  4 giant cockroaches
  10 goblins
  10 hobgoblins
  7 jackals
  9 quokkas
  A giant gecko skeleton (D:4)
  5 giant newts
  A jackal zombie (D:7)
  10 kobolds
  A quokka skeleton (D:5)
  13 rats
249 creatures vanquished.

Notes
Turn   | Place    | Note
--------------------------------------------------------------
     0 | D:1      | namelastname112 the Draconian Berserker began the quest for the Orb.
     0 | D:1      | Reached XP level 1. HP: 19/19 MP: 1/1
   133 | D:1      | Reached XP level 2. HP: 18/26 MP: 2/2
   460 | D:1      | Reached ** piety under Trog
   466 | D:1      | Reached XP level 3. HP: 31/31 MP: 3/3
  1152 | D:2      | Reached skill level 4 in Long Blades
  1187 | D:2      | Found a sparkling altar of Nemelex Xobeh.
  1821 | D:2      | Reached *** piety under Trog
  1821 | D:2      | Reached XP level 4. HP: 35/39 MP: 4/4
  2125 | D:3      | Found a shattered altar of Ashenzari.
  2225 | D:3      | Noticed Jessica
  2232 | D:3      | Killed Jessica
  2331 | D:3      | Found a sacrificial altar of Ru.
  2625 | D:3      | Reached XP level 5. HP: 46/46 MP: 5/5
  2883 | D:4      | Reached skill level 5 in Long Blades
  2890 | D:4      | Reached **** piety under Trog
  2958 | D:4      | Noticed a phantom
  2985 | D:4      | Killed a phantom
  2985 | D:4      | Reached XP level 6. HP: 35/53 MP: 6/6
  3437 | D:4      | Found a glowing silver altar of Zin.
  3615 | D:5      | Entered Level 5 of the Dungeon
  3743 | D:5      | Found a snail-covered altar of Cheibriados.
  3842 | D:5      | Reached skill level 5 in Fighting
  3842 | D:5      | Reached skill level 6 in Long Blades
  3902 | D:5      | Noticed ThereIsNoGod's ghost (amateur DsGl)
  3910 | D:5      | Killed ThereIsNoGod's ghost
  3910 | D:5      | Your scales start taking on a pale cyan-grey colour.
  3910 | D:5      | Reached XP level 7. HP: 61/61 MP: 7/7
  4281 | D:5      | Found a burning altar of Makhleb.
  4409 | D:6      | Reached skill level 7 in Long Blades
  4409 | D:6      | Reached skill level 1 in Throwing
  4470 | D:6      | Got a smoking falchion
  4474 | D:6      | Reached XP level 8. HP: 15/70 MP: 8/8
  4475 | D:6      | Identified the cursed +1 falchion of Laceration {freeze, +Fly MR+ Str+4 Stlth+} (You found it on level 6 of the Dungeon)
  4758 | D:6      | Reached skill level 5 in Dodging
  4952 | D:6      | Reached skill level 8 in Long Blades
  5000 | D:6      | Reached ***** piety under Trog
  5166 | D:6      | Found Ifota's Jewellery Shop.
  5545 | D:6      | Received a gift from Trog
  5622 | D:7      | Found a staircase to the Ecumenical Temple.
  5795 | D:7      | Reached XP level 9. HP: 59/78 MP: 9/9
  5968 | D:7      | Reached skill level 9 in Long Blades
  6351 | D:8      | Noticed skk's ghost (novice DsAs)
  6365 | D:8      | Killed skk's ghost
  6506 | D:8      | Found an iron altar of Okawaru.
  6526 | D:8      | Received a gift from Trog
  7014 | D:8      | Found a stormy altar of Qazlal.
  7227 | D:8      | Reached skill level 10 in Long Blades
  7581 | D:8      | Found a deep blue altar of Sif Muna.
  7805 | D:9      | Reached XP level 10. HP: 88/88 MP: 10/10
  7819 | D:9      | Reached skill level 5 in Throwing
  7840 | D:9      | Received a gift from Trog
  8183 | D:9      | Noticed a centaur warrior
  8190 | D:9      | Killed a centaur warrior
  8290 | D:9      | Found a shadowy altar of Dithmenos.
  8918 | D:9      | Gained mutation: You evolve. [potion of mutation]
  8918 | D:9      | Gained mutation: You are dopey. (Int -2) [potion of mutation]
  8918 | D:9      | Gained mutation: You are weak. (Str -2) [potion of mutation]
  8919 | D:9      | Gained mutation: Your tail ends in a poisonous barb. [potion of mutation]
  8919 | D:9      | Gained mutation: Your spells are a little easier to cast, but a little less powerful. [potion of mutation]
  8920 | D:9      | Gained mutation: Your tail ends in a sharp poisonous barb. [potion of mutation]
  8920 | D:9      | Gained mutation: Your body sometimes deteriorates upon taking damage. [potion of mutation]
  8922 | D:9      | Gained mutation: You have an increased reservoir of magic (+10% MP). [potion of mutation]
  8922 | D:9      | Gained mutation: Scrolls take you a little longer to read. [potion of mutation]
  8923 | D:9      | Lost mutation: Scrolls take you a little longer to read. [potion of cure mutation]
  8923 | D:9      | Lost mutation: Your tail ends in a sharp poisonous barb. [potion of cure mutation]
  8923 | D:9      | Lost mutation: Your tail ends in a poisonous barb. [potion of cure mutation]
  8923 | D:9      | Lost mutation: You are dopey. (Int -2) [potion of cure mutation]
  8923 | D:9      | Lost mutation: Your body sometimes deteriorates upon taking damage. [potion of cure mutation]
  8924 | D:9      | Lost mutation: You are weak. (Str -2) [potion of cure mutation]
  8924 | D:9      | Lost mutation: Your spells are a little easier to cast, but a little less powerful. [potion of cure mutation]
  8925 | D:9      | Gained mutation: You are resistant to hostile enchantments. [potion of beneficial mutation]
  9018 | D:9      | Reached skill level 11 in Long Blades
  9300 | D:10     | Entered Level 10 of the Dungeon
  9311 | D:10     | Noticed Joseph
  9326 | D:10     | Killed Joseph
  9360 | D:10     | Noticed Grum
  9360 | D:10     | Noticed a hill giant
  9367 | D:10     | Killed a hill giant
  9381 | D:10     | Slain by Grum

Skill      XL: |  1  2  3  4  5  6  7  8  9 10 |
---------------+-------------------------------+-----
Dodging        | 3 4 5 6 7 |  7.6
Long Blades    | 4 5 6 7 8 10 11 | 11.4
Fighting       | 4 5 6 7 8 |  8.9
Throwing       | 1 3 4 6 |  6.2

Action                   |  1- 3 |  4- 6 |  7- 9 | 10-12 || total
-------------------------+-------+-------+-------+-------++-------
Melee: Falchion          |   167 |   112 |   315 |   194 ||   788
       Tailslap          |    19 |    25 |    36 |    35 ||   115
       Dagger            |       |    81 |       |       ||    81
Invok: Berserk           |       |     4 |     6 |     4 ||    14
       Trog's Hand       |       |       |     1 |       ||     1
 Abil: Breathe Steam     |       |       |     8 |     1 ||     9
  Use: Potion            |       |       |       |     8 ||     8
       Scroll            |       |       |       |     6 ||     6
 Stab: Sleeping          |     1 |     3 |     5 |     3 ||    12
       Distracted        |       |       |     1 |       ||     1
  Eat: Chunk             |     3 |     8 |    14 |     7 ||    32
       Beef jerky        |       |     1 |     1 |     1 ||     3
       Meat ration       |       |       |     1 |       ||     1
Armor: Skin              |    64 |    54 |    80 |    29 ||   227
Dodge: Dodged            |   158 |   136 |   203 |   157 ||   654
